 Dungeon Crawl Stone Soup version 0.21-a0-78-g82a99e0 (webtiles) character file.

18 4thArraOfDagon the Caller (level 2, 0/11 HPs)
             Began as a Felid Summoner on June 21, 2017.
             Slain by a jackal (3 damage)
             ... on level 2 of the Dungeon.
             The game lasted 00:02:46 (569 turns).

4thArraOfDagon the Caller (Felid Summoner)           Turns: 569, Time: 00:02:47

Health: 0/11       AC:  1    Str:  4    XL:     2   Next: 51%
Magic:  4/6        EV: 18    Int: 16    God:
Gold:   31         SH:  0    Dex: 16    Spells: 4/5 levels left
                                        Lives:  0   Deaths: 0

rFire    . . .     SeeInvis +     - Unarmed
rCold    . . .     Gourm    .   (shield unavailable)
rNeg     . . .     Faith    .   (armour unavailable)
rPois    .         Spirit   .   (helmet unavailable)
rElec    .         Reflect  .   (cloak unavailable)
rCorr    .         Harm     .   (gloves unavailable)
MR       .....                  (boots unavailable)
Stlth    +++.......             (no amulet)
HPRegen  0.03/turn              (no ring)
MPRegen  0.10/turn              (no ring)

@: quick
A: no armour, no weapons or thrown items, stealth, claws 1, fangs 3, see
invisible, carnivore 3, speed 1, shaggy fur 1, slow metabolism 1, sharp paws
a: no special abilities


You were on level 2 of the Dungeon.
You were full.

You visited 1 branch of the dungeon, and saw 2 of its levels.

You collected 31 gold pieces.

Inventory:

Scrolls
 d - 2 scrolls of remove curse {unknown}
 e - a scroll of identify {unknown}
Potions
 c - a potion of agility {unknown}
 f - a potion of heal wounds {unknown}
Books
 a - a book of Callings

   Spells                             Type                      Level
   a - Summon Small Mammal            Summoning                    1
   b - Call Imp                       Summoning                    2
   c - Call Canine Familiar           Summoning                    3
   d - Summon Guardian Golem          Hexes/Summoning              3
   e - Summon Lightning Spire         Summoning/Air                4
   f - Summon Ice Beast               Ice/Summoning                4
Comestibles
 b - a meat ration


   Skills:
 + Level 3.0 Dodging
 + Level 3.0 Stealth
 * Level 1.8 Unarmed Combat
 - Level 2.0 Spellcasting
 - Level 4.0 Summonings


You had 4 spell levels left.
You knew the following spells:

 Your Spells              Type           Power        Failure   Level  Hunger
a - Summon Small Mammal   Summ           ##..         4%          1    #......


Dungeon Overview and Level Annotations

Branches:
Dungeon (2/15)

Altars:
Sif Muna
The Shining One


Innate Abilities, Weirdness & Mutations

You cannot wear armour.
You are incapable of wielding weapons or throwing items.
Your paws allow you to move quietly. (Stealth)
You have sharp claws.
You have razor-sharp teeth.
You have supernaturally acute eyesight. (SInv)
You are carnivorous and can eat meat at any time.
You cover ground quickly.
You are covered in fur. (AC +1)
You have a slow metabolism.
Your sharp claws are effective at attacking unaware monsters.


Message History

You kill the jackal!
Your Stealth skill increases to level 3!
Unknown command.
You scratch the rat.
The rat is moderately wounded.
The rat bites you.
Your quokka barely misses the rat.
Unknown command.
You closely miss the rat.
The rat is moderately wounded.
The rat bites you.
* * * LOW HITPOINT WARNING * * *
Your quokka bites the rat.
Unknown command.
Unknown command.
You catch the helpless rat completely off-guard!
You claw the rat!
You kill the rat!
Your Dodging skill increases to level 3!
Your quokka bites the jackal.
The jackal bites you.
You die...

###.#.# ##.# #.#
.# .. #.# ## #.
#.# #####.##.#
.......#.#
.......#.#
.........#
#######r.#######
#r@.......
#h######## #†#
... .....
.......
...._....
.#.......#.
..##.?...##.#


You could see a jackal, a friendly quokka and a friendly rat.

Vanquished Creatures
  A ball python (D:1)
  A goblin (D:2)
  3 jackals (D:2)
  A kobold (D:1)
  2 rats
8 creatures vanquished.

Vanquished Creatures (collateral kills)
  2 dart slugs
  A bat (D:1)
  4 goblins (D:1)
  3 kobolds (D:1)
  A rat (D:1)
11 creatures vanquished.

Grand Total: 19 creatures vanquished

Notes
Turn   | Place    | Note
-------+----------+-------------------------------------------
     0 | D:1      | 4thArraOfDagon the Felid Summoner began the quest for the Orb.
     0 | D:1      | Reached XP level 1. HP: 7/7 MP: 4/4
   226 | D:1      | Reached skill level 1 in Unarmed Combat
   264 | D:1      | Reached XP level 2. HP: 7/11 MP: 1/6
   488 | D:2      | Found a glowing golden altar of the Shining One.
   530 | D:2      | Found a deep blue altar of Sif Muna.
   569 | D:2      | Slain by a jackal

Vault maps used:
D:1:      mushboom_english_gardens, minivault_27
D:2:      old_standard_altar, lemuel_round_altar, minmay_misc_feat_chi,
          uniq_terence

Skill      XL: |  1  2 |
---------------+-------+-----
Unarmed Combat | 1 |  1.8
Stealth        | 3 |  3.0
Dodging        | 3 |  3.0
Spellcasting   | |  2.0
Summonings     | |  4.0

Action                   || total
-------------------------++-------
Melee: Unarmed           ||    24
       Bite              ||     4
 Cast: Summon Small Mamm ||    18
 Stab: Distracted        ||     1
  Eat: Chunk             ||     3
Dodge: Dodged            ||    26
